AoeStats
← Overlord

Arabia

505409521Analyzed
1v1 RM · 25d ago on Sep 9, 2026· 74m 20s· 2 players
Game mode
Random Map
Map size
Tiny (2 player)
Population
200
Speed
Normal
Resources
Standard
Victory
Conquest
Starting age
Dark Age
Ending age
Imperial Age
RankedLock teamsTeams togetherTeam positionsShared explorationLock speedFull tech treeHidden civsTurbo modeCheats
Victory
Defeat
🇮🇳 Khmer · India
735
+17
🇦🇺 Britons · Australia
762
-17
raghu123six
11:03 Feudal Age
11:24 Loom
11:33 Double-Bit Axe
11:30 Horse Collar
19:36 Castle Age
18:18 Stone Mining
20:54 Wheelbarrow
21:58 Wheelbarrow
22:14 Bow Saw
28:04 Heavy Plow
31:39 Gold Mining
32:24 Stone Shaft Mining
34:47 Imperial Age
32:16 Gold Mining
33:18 Stone Shaft Mining
32:50 Tusk Swords
32:56 Tusk Swords
34:04 Hand Cart
33:34 Town Watch
34:53 Bloodlines
34:03 Light Cavalry
35:34 Town Patrol
36:08 Forging
35:58 Scale Mail Armor
36:03 Scale Barding Armor
35:58 Padded Archer Armor
35:48 Fletching
36:11 Husbandry
37:06 Conscription
37:39 Gold Shaft Mining
37:54 Crop Rotation
37:45 Hussar
39:46 Chemistry
39:06 Ballistics
39:23 Sappers
40:29 Hoardings
41:00 Scale Barding Armor
41:52 Iron Casting
41:59 Murder Holes
42:13 Siege Engineers
42:03 Murder Holes
42:19 Masonry
42:55 Chain Barding Armor
42:28 Fletching
42:38 Padded Archer Armor
43:25 Hoardings
42:26 Cavalier
44:24 Double Crossbow
44:33 Double Crossbow
44:07 Elite Ballista Elephant
55:40 Heavy Scorpion
67:56 Elite Battle Elephant
72:56 Blast Furnace
Overlord
7:25 Loom
10:15 Feudal Age
11:23 Double-Bit Axe
18:24 Gold Mining
24:20 Castle Age
22:12 Horse Collar
23:19 Stone Mining
23:37 Scale Barding Armor
25:31 Bow Saw
24:59 Light Cavalry
25:47 Fletching
28:42 Wheelbarrow
28:58 Bodkin Arrow
31:13 Gold Shaft Mining
30:44 Padded Archer Armor
37:57 Imperial Age
36:04 Ballistics
35:29 Man-at-Arms
36:49 Squires
36:12 Long Swordsman
38:16 Two-Handed Swordsman
39:31 Champion
40:35 Elite Longbowman
42:35 Heavy Plow
43:14 Warwolf
44:39 Forging
44:45 Leather Archer Armor
51:13 Herbal Medicine
53:53 Iron Casting
54:05 Bracer
70:53 Blast Furnace
70:07 Pikeman
71:07 Town Watch
71:40 Hand Cart
71:40 Halberdier
Connection lost

Rejoining the realm…

Still unreachable

The connection could not be restored.

Session expired

The server has moved on; the page needs a fresh start.